 Dungeon Crawl Stone Soup version 0.24.0-35-gdb84b6a5db (webtiles) character file.

Game seed: 17278983520313356399, levelgen mode: deterministic

24199 PentaManta the Nimble (level 13, -1/76 HPs)
             Began as an Octopode Assassin on Nov 17, 2019.
             Was a Follower of Uskayaw.
             Slain by a fire crab (11 damage)
             ... on level 8 of the Dungeon.
             The game lasted 00:55:28 (17367 turns).

PentaManta the Nimble (Octopode Assassin)          Turns: 17367, Time: 00:55:28

Health: -1/76      AC:  4    Str: 14    XL:     13   Next: 11%
Magic:  13/13      EV: 28    Int: 20    God:    Uskayaw [*.....]
Gold:   6          SH: 19    Dex: 21    Spells: 11/12 levels left

rFire    . . .     SeeInvis .   j - +2 short sword (venom)
rCold    + . .     Gourm    .   m - +2 shield {AC+3}
rNeg     . . .     Faith    .   (helmet restricted)
rPois    .         Spirit   .   r - +5 amulet of reflection
rElec    .         Reflect  +   e - +3 ring of strength
rCorr    .         Harm     .   x - +3 ring of dexterity
MR       .....                  K - +3 ring of evasion
Stlth    ++++++....             J - ring of protection from cold
HPRegen  0.22/turn              E - ring of flight
MPRegen  0.13/turn              n - ring of the Amoeba {Wiz +Inv Int+7}
                                (no ring)
                                (no ring)

@: about to teleport
A: almost no armour, stealthy swim, amphibious, 8 rings, constrict 8, camouflage
1, gelatinous body 1
a: Stomp, Renounce Religion, Evoke Invisibility, Evoke Flight


You were on level 8 of the Dungeon.
You worshipped Uskayaw.
Uskayaw was noncommittal.
You were hungry.

You visited 3 branches of the dungeon, and saw 16 of its levels.

You collected 913 gold pieces.
You spent 907 gold pieces at shops.

Inventory:

Hand Weapons
 j - a +2 short sword of venom (weapon)
 C - a +6 dagger
Missiles
 b - 62 poisoned darts (quivered)
 c - a curare-tipped dart
Armour
 m - a +2 shield of protection (worn)
Jewellery
 e - a +3 ring of strength (left tentacle)
 n - the ring of the Amoeba (on tentacle) {Wiz +Inv Int+7}
   (You bought it in a shop on level 8 of the Dungeon)

   [ring of wizardry]

   It improves your spell success rate.
   It affects your intelligence (+7).
   It lets you turn invisible.
 r - a +5 amulet of reflection (around mantle)
 x - a +3 ring of dexterity (right tentacle)
 E - a ring of flight (on tentacle)
 J - a ring of protection from cold (on tentacle)
 K - a +3 ring of evasion (on tentacle)
Wands
 a - a wand of enslavement (18)
 p - a wand of paralysis (12)
 s - a wand of flame (19)
 t - a wand of disintegration (23)
 M - a wand of random effects (22)
Scrolls
 g - 2 scrolls of amnesia
 i - 3 scrolls of remove curse
 k - 3 scrolls of identify
 q - a scroll of fog
 G - 2 scrolls of blinking {unknown}
Potions
 f - 3 potions of might
 h - 2 potions of curing
 l - 6 potions of brilliance
 o - 2 potions of mutation
 u - 2 potions of lignification
 v - a potion of resistance
 w - 2 potions of ambrosia
 A - a potion of magic
 B - a potion of agility
 D - a potion of invisibility
 F - 2 potions of flight {unknown}
 H - a potion of haste {unknown}
 I - a potion of cancellation {unknown}
Comestibles
 d - 22 rations


   Skills:
 + Level 2.7 Fighting
 - Level 10.3 Short Blades
 - Level 2.0 Throwing
 + Level 13.8 Dodging
 - Level 10.0 Stealth
 + Level 11.4 Shields
 * Level 0.0 Evocations


You had 11 spell levels left.
You knew the following spells:

 Your Spells              Type           Power        Failure   Level  Hunger
a - Freeze                Ice            #...         12%         1    ##.....

Your spell library contained the following spells:

 Spells                   Type           Power        Failure   Level  Hunger
 Throw Frost              Conj/Ice       #.....       17%         2    ###....
 Ozocubu's Armour         Chrm/Ice       #.......     32%         3    ####...
 Cause Fear               Hex            #.........   71%         4    #####..
 Summon Ice Beast         Ice/Summ       #.......     71%         4    #####..
 Throw Icicle             Conj/Ice       #.......     71%         4    #####..
 Silence                  Hex/Air        #.........   96%         5    ######.
 Yara's Violent Unravell  Hex/Tmut       #.........   96%         5    ######.
 Deflect Missiles         Chrm/Air       #.........   100%        6    #######
 Discord                  Hex            #.........   100%        8    #######


Dungeon Overview and Level Annotations

Branches:
Dungeon (12/15)            Temple (1/1) D:7            Lair (3/6) D:8
  Snake (0/4) Lair:3
  Swamp: Lair:2-4    Shoals: Lair:2-4       Orc: D:9-12

Altars:
Ashenzari
Cheibriados
Dithmenos
Elyvilon
Fedhas
Gozag
Hepliaklqana
Kikubaaqudgha
Makhleb
Nemelex Xobeh
Okawaru
Qazlal
Ru
Sif Muna
Trog
Uskayaw
Vehumet
Wu Jian
Xom
Yredelemnul
Zin
The Shining One

Shops:
D:4 }   D:8 *=

Annotations:
D:8 exclusions: fire crab and 1 more exclusion


Innate Abilities, Weirdness & Mutations

You cannot wear most types of armour.
You are very stealthy in the water. (Stealth+)
You are amphibious.
You can wear up to eight rings at the same time.
You can use your tentacles to constrict eight enemies at once.
Your skin changes colour to match your surroundings (Stealth+).
Your rubbery body absorbs attacks. (AC +1, EV +1)


Message History

You throw a throwing net.
The throwing net barely misses the fire crab.
The throwing net hits the acid dragon.
The acid dragon is caught in the net!
The fire crab breathes flames at you. The blast of flame engulfs you.
The acid dragon is engulfed in blazing flames.
The acid dragon struggles against the net.
You are engulfed in blazing flames.
The acid dragon is engulfed in blazing flames.
The acid dragon struggles against the net.
The fire crab breathes flames at you. The blast of flame misses you.
As you read the scroll of teleportation, it crumbles to dust.
You feel strangely unstable.
You are engulfed in blazing flames.
You are engulfed in blazing flames.
* * * LOW HITPOINT WARNING * * *
You feel better. The fire crab misses you. The fire crab claws you.
* * * LOW HITPOINT WARNING * * *
You are engulfed in flames!
You die...

#.....####..##.............#..##.
#..(..####.....#####'#####.....#.
#.....##...#####...[#.#..#####...
#.....#..### #...#.#.#.# ###.
#.......## #...#.#..## ##
#.....(## #####...#.###.##### #
...##..# ##......#.#...#....##
...##.## ##..###..#..###.###..##
...##.# #..## #@#○##°...# ##†.#
....#.# #.## #t##°°°...# ##.#
......# #.# ##........# #.#
.....## #.# ####'#########.##
.....#####.#### ##.#D## #.......
.....##..#.#..# ##.###.###).#####
.)...##[.#†...###.##o##.##.#.###.
###..###.#.#####.##=o[##.#.##.#.#
#.)'.........t##t"⌠oD##'.###.##


You could see a fire crab.

Vanquished Creatures
  2 hydras
  A two-headed ogre (D:9)
  2 unseen horrors (D:11)
  Pikel (D:8)
  2 centaur zombies (D:11)
  7 elephants
  A black mamba (Lair:3)
  Psyche (D:8)
  4 spiny frogs
  A rime drake (Lair:3)
  A komodo dragon (Lair:1)
  A queen bee (D:11)
  A troll (D:11)
  Prince Ribbit (D:8)
  A tyrant leech (Lair:2)
  7 hippogriffs
  A vampire (D:10)
  8 yaks
  2 wyverns
  A basilisk (D:8)
  Grum (D:8)
  A steam dragon (Lair:2)
  2 hungry ghosts
  8 water moccasins
  4 porcupines
  10 sky beasts
  3 slaves (D:8)
  2 black bears
  A hornet zombie (D:11)
  5 orc warriors
  2 phantoms
  2 ice beasts (D:8)
  3 necrophages (D:11)
  4 ogres
  9 wolves
  4 big kobolds
  9 centaurs
  6 crocodiles
  9 bullfrogs
  A gnoll sergeant (D:8)
  A scorpion (D:8)
  32 killer bees
  2 electric eels (Lair:1)
  5 wights
  5 crimson imps
  4 howler monkeys
  A quasit (D:11)
  2 bullfrog zombies
  7 hounds
  2 bullfrog skeletons (D:7)
  2 centaur skeletons
  A gnoll shaman (D:8)
  5 orc priests
  5 jellies
  11 orc wizards
  5 iguanas
  A hell rat (D:7)
  12 worker ants
  A hound zombie (D:11)
  A mummy (D:11)
  4 worker ant zombies
  22 gnolls
  13 adders
  6 river rats (D:7)
  4 shadow imps
  An ooze (D:5)
  3 adder zombies
  An adder skeleton (D:5)
  6 worms
  2 dart slugs
  4 leopard geckos
  37 orcs
  6 giant cockroaches
  6 goblins
  12 hobgoblins
  44 kobolds
  4 quokkas
  3 ball pythons
  6 bats
  4 frilled lizards
  2 jackal skeletons (D:5)
  23 rats
450 creatures vanquished.

Vanquished Creatures (others)
  A wyvern (Lair:2)
  A centaur (D:12)
  4 fungi
6 creatures vanquished.

Grand Total: 456 creatures vanquished

Notes
Turn   | Place    | Note
-------+----------+-------------------------------------------
     0 | D:1      | PentaManta the Octopode Assassin began the quest for the
                  | Orb.
     0 | D:1      | Reached XP level 1. HP: 14/14 MP: 1/1
   165 | D:1      | Reached XP level 2. HP: 17/19 MP: 2/2
   472 | D:2      | Reached skill level 2 in Dodging
   483 | D:1      | Reached XP level 3. HP: 15/24 MP: 3/3
   792 | D:2      | Reached XP level 4. HP: 29/29 MP: 4/4
  1154 | D:2      | Reached skill level 3 in Dodging
  1167 | D:2      | Noticed a bullfrog
  1176 | D:2      | Killed a bullfrog
  1176 | D:2      | Reached XP level 5. HP: 6/34 MP: 5/5
  2158 | D:3      | Reached skill level 4 in Dodging
  2290 | D:3      | Reached XP level 6. HP: 25/39 MP: 6/6
  3369 | D:3      | Reached skill level 5 in Dodging
  3369 | D:3      | Reached XP level 7. HP: 30/45 MP: 7/7
  4037 | D:3      | Found a shattered altar of Ashenzari.
  4049 | D:3      | Found a stormy altar of Qazlal.
  4207 | D:5      | Entered Level 5 of the Dungeon
  4524 | D:4      | Found Umne's Gadget Shop.
  4537 | D:4      | Bought a wand of paralysis (3) for 50 gold pieces
  5019 | D:4      | Found a glowing golden altar of the Shining One.
  5083 | D:5      | Reached skill level 6 in Dodging
  5092 | D:5      | Found a hide-covered altar of Uskayaw.
  5101 | D:5      | Became a worshipper of Uskayaw the Reveler
  5131 | D:5      | Reached * piety under Uskayaw
  5228 | D:5      | Reached XP level 8. HP: 42/50 MP: 8/8
  5300 | D:5      | Reached ** piety under Uskayaw
  5302 | D:5      | Reached skill level 5 in Short Blades
  5664 | D:5      | Reached *** piety under Uskayaw
  6273 | D:6      | Reached skill level 7 in Dodging
  6327 | D:6      | Found a bloodstained altar of Trog.
  6689 | D:6      | Reached XP level 9. HP: 54/54 MP: 9/9
  6704 | D:6      | Reached skill level 8 in Dodging
  6745 | D:6      | Identified a scroll of acquirement
  7152 | D:7      | Found a staircase to the Ecumenical Temple.
  7164 | D:7      | Reached skill level 10 in Stealth
  7186 | Temple   | Entered the Ecumenical Temple
  7360 | D:7      | Found a shimmering blue altar of Sif Muna.
  7462 | D:7      | Reached skill level 1 in Shields
  7488 | D:7      | Reached **** piety under Uskayaw
  7552 | D:7      | Reached skill level 9 in Dodging
  7614 | D:7      | Found a blossoming altar of Fedhas.
  8010 | D:7      | Found the +2 ratskin cloak {+Rats rPois rN+ Str-1 Int-1
                  | Dex+1}
  8337 | D:8      | Noticed Prince Ribbit
  8354 | D:8      | Killed Prince Ribbit
  8354 | D:8      | Reached XP level 10. HP: 58/60 MP: 10/10
  8371 | D:8      | Found Voiwen's Jewellery Boutique.
  8468 | D:8      | Noticed Psyche
  8485 | D:8      | Noticed Grum
  8565 | D:9      | Noticed a moth of wrath
  8613 | D:9      | Noticed a two-headed ogre
  8626 | D:9      | Killed a two-headed ogre
  8626 | D:9      | Reached skill level 10 in Dodging
  8626 | D:9      | Reached skill level 5 in Shields
  8695 | D:8      | Found an iron altar of Okawaru.
  8703 | D:8      | Found Zexeex's General Store.
  8706 | D:8      | Bought a potion of curing for 36 gold pieces
  8716 | D:8      | Killed Grum
  8725 | D:8      | Killed Psyche
  8949 | D:8      | Found a staircase to the Lair.
  8949 | D:8      | Noticed an elephant
  9269 | D:8      | Noticed Pikel
  9342 | D:8      | Killed Pikel
  9342 | D:8      | Reached skill level 11 in Dodging
  9342 | D:8      | Reached XP level 11. HP: 63/64 MP: 11/11
  9602 | D:8      | Noticed a fire crab
 10122 | Lair:1   | Entered Level 1 of the Lair of Beasts
 10122 | Lair:1   | Noticed a five-headed hydra
 10169 | D:9      | Reached ***** piety under Uskayaw
 10347 | D:9      | Found a hide-covered altar of Uskayaw.
 10700 | D:9      | Found a bloodstained altar of Trog.
 10889 | D:10     | Entered Level 10 of the Dungeon
 10955 | D:10     | Found a shimmering altar of Xom.
 12116 | D:11     | HP: 1/64 [something (9)]
 12124 | D:11     | Killed an unseen horror
 12507 | D:11     | Killed an unseen horror
 12507 | D:11     | Reached skill level 12 in Dodging
 13233 | D:11     | Reached XP level 12. HP: 69/70 MP: 12/12
 13650 | D:12     | Noticed a four-headed hydra
 13654 | D:12     | Killed a four-headed hydra
 13700 | D:12     | Noticed a centaur warrior
 14025 | D:12     | Noticed a two-headed ogre
 14162 | Lair:1   | Killed a five-headed hydra
 14162 | Lair:1   | Reached skill level 10 in Shields
 14436 | Lair:1   | Reached skill level 13 in Dodging
 15596 | Lair:1   | Reached skill level 10 in Short Blades
 15753 | Lair:2   | Noticed a seven-headed hydra
 15988 | Lair:2   | Noticed an eight-headed hydra
 15996 | Lair:2   | Learned a level 1 spell: Freeze
 16041 | Lair:2   | an eight-headed hydra changed into a tyrant leech
 16372 | Lair:3   | Noticed a death yak
 16372 | Lair:3   | Noticed a death yak
 16372 | Lair:3   | Noticed a death yak
 16373 | Lair:3   | Noticed a death yak
 16503 | Lair:3   | Found a staircase to the Snake Pit.
 16632 | Lair:3   | Reached XP level 13. HP: 43/74 MP: 13/13
 17311 | D:8      | Bought the ring of the Amoeba {Wiz +Inv Int+7} for 821 gold
                  | pieces
 17367 | D:8      | Slain by a fire crab

Levels and vault maps discovered:
D:1:      giann_horns, layout_rooms, minivault_19
D:2:      minmay_wonky_spiral, layout_rooms
D:3:      minmay_goblin_kobold_castle, layout_loops_cross,
          amethyst_overflow_temple_binary, fountainhead
D:4:      layout_rooms, lemuel_round_altar, serial_shops,
          nicolae_shop_statue_plus
D:5:      wad_crossroads, layout_basic, first_ration, basic_altar,
          kennysheep_generic_room_14
D:6:      layout_cave_pods, trog_butcher_becter
D:7:      wander_guarded_unrand_ratskin, layout_basic, lemuel_blue_sif_altar,
          fedhas_altar_2, temple_statues
D:8:      minmay_the_grid_plus_closed [minmay_the_grid_expand,
          minmay_the_grid_rooms, minmay_the_grid_box_x,
          minmay_the_grid_diamond_grid, minmay_the_grid_prize_diamond_cup],
          layout_basic, old_standard_altar, david_lair_generic,
          nicolae_ossuary_entry_false_entrances, serial_shops, shop,
          kennysheep_mini_moat, uniq_psyche, uniq_grum, uniq_prince_ribbit1,
          uniq_pikel
D:9:      layout_irregular_city, eat_drink_and_be_merry_uskayaw, tgw_trog
D:10:     layout_cave_pools, basic_altar
D:11:     layout_loops_corners, serial_undead, serial_undead_b, serial_undead_a,
          serial_undead_d, serial_undead_d, serial_undead_b, serial_undead_c,
          serial_undead_c, david_nohive_1
D:12:     minmay_box_of_statues, layout_cave_pools, erik_orc_4,
          portal_ice_cave_demonic_guard, minmay_misc_feat_five,
          minmay_misc_feat_pillars
Temple:   eino_temple_water
Lair:1:   layout_roguey, nicolae_quartered_pool_little
Lair:2:   regret_index_tunnel_blossom, layout_cave_shapes
Lair:3:   layout_chaotic_city, chequers_serial_rivers_micro_b,
          lemuel_old_faithful, grunt_megastairs_5

Skill      XL: |  1  2  3  4  5  6  7  8  9 10 11 12 |
---------------+-------------------------------------+-----
Dodging        | 2 3 4 5 6 7 9 11 12 13 | 13.8
Stealth        | 6 7 8 9 10 | 10.0
Short Blades   | 3 4 5 7 8 9 10 | 10.3
Shields        | 4 7 9 11 | 11.4
Fighting       | |  2.7
Throwing       | |  2.0

Action                   |  1- 3 |  4- 6 |  7- 9 | 10-12 | 13-15 || total
-------------------------+-------+-------+-------+-------+-------++-------
Melee: Dagger            |    43 |    29 |       |    21 |       ||    93
       Tentacles         |     5 |    24 |    54 |   241 |    26 ||   350
       Constrict         |     9 |    35 |    66 |    96 |     5 ||   211
       Short sword       |       |   110 |   288 |   810 |    73 ||  1281
Throw: Dart              |       |     3 |     9 |     5 |       ||    17
       Throwing net      |       |       |       |     5 |     1 ||     6
Evoke: Wand              |       |       |       |     2 |     6 ||     8
  Use: Scroll            |       |     4 |     8 |    10 |     1 ||    23
       Potion            |       |       |       |     6 |     3 ||     9
 Stab: Sleeping          |     8 |    15 |    28 |    31 |     4 ||    86
       Paralysed         |       |       |     7 |    27 |     2 ||    36
       Distracted        |       |       |     1 |     2 |       ||     3
       Held in net/web   |       |       |       |     3 |       ||     3
  Eat: Chunk             |       |     7 |    10 |    19 |     3 ||    39
       Ration            |       |       |     2 |     2 |       ||     4
Armor: Skin              |     4 |     7 |    12 |    26 |     2 ||    51
Dodge: Dodged            |    19 |   104 |    99 |   310 |    53 ||   585
Block: Other             |       |       |    11 |       |       ||    11
       Reflection        |       |       |     2 |    40 |       ||    42
       Shield            |       |       |    70 |   567 |    79 ||   716
